[ AOE2 MATCH · #469381445 ]
UnrankedItalians vs Huns
[ REPLAY ANALYSIS · EXTRACTED FROM THE RECORDED GAME ]
Feudal
15:34
Castle
19:31
Imperial
45:43
| APM avg | 53.9 |
| APM peak | 84 |
| eAPM avg | 29.5 |
| Villagers / military | 165 / 200 |
Focus
⚔️ 33.6% · 🌾 66.4%
Genoese Crossbowman ×146 · Unknown (882) ×35 · Fishing Ship ×21 · Fire Galley ×11 · Bombard Cannon ×9 · Battering Ram ×8
Feudal
10:43
Castle
17:49
Imperial
63:36
| APM avg | 31.0 |
| APM peak | 55 |
| eAPM avg | 21.1 |
| Villagers / military | 246 / 304 |
Focus
⚔️ 26.2% · 🌾 73.8%
Battle Elephant ×123 · Skirmisher ×118 · Karambit Warrior ×26 · Fishing Ship ×23 · Monk ×17 · Knight ×14
Feudal
14:35
Castle
18:06
Imperial
34:14
| APM avg | 34.9 |
| APM peak | 82 |
| eAPM avg | 20.6 |
| Villagers / military | 190 / 300 |
Focus
⚔️ 43.8% · 🌾 56.2%
Skirmisher ×125 · Scout Cavalry ×112 · Tarkan ×44 · Trebuchet (Packed) ×10 · Unknown (1795) ×8 · Monk ×7
Feudal
13:52
Castle
19:02
Imperial
43:35
| APM avg | 31.4 |
| APM peak | 66 |
| eAPM avg | 17.3 |
| Villagers / military | 162 / 354 |
Focus
⚔️ 36.7% · 🌾 63.3%
Skirmisher ×195 · Unknown (1974) ×195 · Spearman ×150 · Unknown (1968) ×63 · Unknown (1942) ×14 · Fishing Ship ×6
Match map
Initial resources + every placement click. Lines = walls · curves = elevation contours. ◆ gold · ⬟ stone · ● berries · ✦ relic · ◌ wall gap
Your base· Open — 6t gap
dorshiffe10's base· Open — unwalled flank
jeromeW's base· Open — unwalled flank
martinslebo's base· Open — unwalled flank
Smoothed initial terrain · ◌ = detected wall gap · hover for details
Inputs per minute
— Alfred the Great - - dorshiffe10
Build order — Alfred the Great
First 150 of 598 actions detected
| 0:20 | Build | Town Center |
| 0:49 | Build | House |
| 2:20 | Build | Dock |
| 2:42 | Create | Villager (Male) |
| 2:42 | Create | Villager (Male) |
| 2:42 | Create | Villager (Male) |
| 2:43 | Create | Villager (Male) |
| 4:15 | Research | Loom |
| 4:15 | Research | Loom |
| 4:24 | Create | Villager (Male) |
| 4:24 | Create | Villager (Male) |
| 4:57 | Create | Fishing Ship |
| 4:57 | Create | Fishing Ship |
| 5:01 | Create | Villager (Male) |
| 5:02 | Create | Villager (Male) |
| 5:20 | Create | Villager (Male) |
| 5:25 | Build | House |
| 5:50 | Create | Villager (Male) |
| 5:50 | Create | Villager (Male) |
| 6:15 | Create | Villager (Male) |
| 6:16 | Create | Villager (Male) |
| 6:44 | Create | Fishing Ship |
| 6:44 | Create | Fishing Ship |
| 6:45 | Create | Fishing Ship |
| 6:50 | Build | House |
| 6:51 | Build | House |
| 6:55 | Create | Villager (Male) |
| 6:55 | Create | Villager (Male) |
| 7:26 | Build | House |
| 7:28 | Create | Fishing Ship |
| 7:29 | Create | Fishing Ship |
| 7:45 | Create | Villager (Male) |
| 7:45 | Create | Villager (Male) |
| 7:49 | Create | Fishing Ship |
| 7:50 | Create | Fishing Ship |
| 8:07 | Create | Villager (Male) |
| 8:07 | Create | Villager (Male) |
| 8:25 | Create | Fishing Ship |
| 8:25 | Create | Fishing Ship |
| 8:25 | Create | Fishing Ship |
| 8:48 | Create | Villager (Male) |
| 8:48 | Create | Villager (Male) |
| 9:24 | Create | Villager (Male) |
| 9:41 | Build | House |
| 9:52 | Create | Villager (Male) |
| 9:54 | Build | Mill |
| 10:13 | Create | Villager (Male) |
| 10:13 | Create | Villager (Male) |
| 10:46 | Create | Villager (Male) |
| 10:47 | Create | Villager (Male) |
| 10:52 | Build | House |
| 10:55 | Build | Dock |
| 10:57 | Build | House |
| 11:00 | Create | Fishing Ship |
| 11:01 | Create | Fishing Ship |
| 11:24 | Build | Lumber Camp |
| 11:27 | Create | Villager (Male) |
| 11:49 | Create | Villager (Male) |
| 12:14 | Create | Fishing Ship |
| 12:14 | Create | Fishing Ship |
| 12:14 | Create | Fishing Ship |
| 12:15 | Create | Fishing Ship |
| 12:19 | Build | House |
| 12:31 | Create | Villager (Male) |
| 13:23 | Create | Fishing Ship |
| 13:23 | Create | Fishing Ship |
| 13:24 | Research | Feudal Age |
| 14:04 | Build | Mining Camp |
| 14:10 | Build | Barracks |
| 14:58 | Build | Mill |
| 15:04 | Build | House |
| 15:34 | Age | Feudal Age |
| 15:36 | Create | Villager (Male) |
| 15:36 | Create | Villager (Male) |
| 15:39 | Build | Market |
| 15:41 | Research | Horse Collar |
| 15:44 | Build | Blacksmith |
| 15:56 | Create | Villager (Male) |
| 16:07 | Create | Villager (Male) |
| 16:23 | Create | Fishing Ship |
| 16:27 | Research | Tech 906 |
| 16:28 | Research | Tech 906 |
| 16:29 | Research | Castle Age |
| 16:29 | Research | Castle Age |
| 16:48 | Build | Barracks |
| 16:54 | Research | Fletching |
| 16:54 | Research | Fletching |
| 16:55 | Research | Padded Archer Armor |
| 16:55 | Research | Padded Archer Armor |
| 17:03 | Research | Gold Mining |
| 17:42 | Build | Archery Range |
| 17:58 | Build | House |
| 17:58 | Build | House |
| 18:29 | Create | Archer |
| 18:30 | Create | Archer |
| 18:30 | Create | Archer |
| 18:51 | Create | Spearman |
| 18:51 | Create | Spearman |
| 18:52 | Create | Spearman |
| 18:57 | Research | Scale Mail Armor |
| 19:31 | Age | Castle Age |
| 19:39 | Build | Town Center |
| 19:48 | Create | Villager (Male) |
| 19:48 | Create | Villager (Male) |
| 19:49 | Create | Villager (Male) |
| 19:49 | Create | Villager (Male) |
| 19:49 | Create | Villager (Male) |
| 19:56 | Research | Bodkin Arrow |
| 19:56 | Research | Bodkin Arrow |
| 20:19 | Create | Villager (Male) |
| 20:23 | Create | Villager (Male) |
| 20:24 | Create | Villager (Male) |
| 20:24 | Create | Villager (Male) |
| 20:41 | Research | Double-Bit Axe |
| 20:41 | Research | Double-Bit Axe |
| 21:07 | Build | Monastery |
| 21:47 | Create | Monk |
| 21:51 | Create | Monk |
| 21:56 | Create | Villager (Male) |
| 22:32 | Create | Villager (Male) |
| 22:34 | Create | Villager (Male) |
| 22:37 | Research | Bow Saw |
| 22:37 | Research | Bow Saw |
| 22:46 | Research | Thumb Ring |
| 22:47 | Research | Leather Archer Armor |
| 22:51 | Build | House |
| 22:52 | Build | House |
| 22:52 | Build | House |
| 22:53 | Build | House |
| 22:53 | Build | House |
| 22:53 | Build | House |
| 22:53 | Build | House |
| 22:56 | Research | Gillnets |
| 22:56 | Research | Gillnets |
| 22:59 | Create | Villager (Male) |
| 23:00 | Create | Villager (Male) |
| 23:00 | Create | Villager (Male) |
| 23:05 | Create | Monk |
| 23:05 | Create | Monk |
| 23:05 | Create | Monk |
| 23:50 | Build | Town Center |
| 24:35 | Research | Pikeman (upgrade) |
| 24:36 | Research | Squires |
| 24:36 | Create | Spearman |
| 24:37 | Create | Spearman |
| 24:37 | Create | Spearman |
| 24:38 | Research | Chain Mail Armor |
| 24:39 | Research | Forging |
| 24:56 | Research | War Galley (upgrade) |
| 24:56 | Research | War Galley (upgrade) |
Build order — dorshiffe10
First 150 of 615 actions detected
| 0:18 | Build | Town Center |
| 0:30 | Build | Dock |
| 0:34 | Build | House |
| 0:46 | Build | Palisade Wall |
| 2:37 | Create | Villager (Male) |
| 2:37 | Create | Villager (Male) |
| 2:37 | Create | Villager (Male) |
| 2:37 | Create | Villager (Male) |
| 3:29 | Build | House |
| 3:40 | Create | Villager (Male) |
| 3:52 | Build | House |
| 4:19 | Create | Fishing Ship |
| 4:47 | Create | Villager (Male) |
| 5:10 | Create | Villager (Male) |
| 5:24 | Create | Fishing Ship |
| 5:31 | Create | Villager (Male) |
| 5:57 | Create | Villager (Male) |
| 5:57 | Create | Villager (Male) |
| 6:20 | Create | Fishing Ship |
| 6:30 | Create | Villager (Male) |
| 6:37 | Build | House |
| 6:51 | Research | Loom |
| 7:04 | Create | Villager (Male) |
| 7:11 | Create | Villager (Male) |
| 7:19 | Create | Fishing Ship |
| 7:36 | Create | Villager (Male) |
| 7:45 | Create | Villager (Male) |
| 7:49 | Build | House |
| 7:58 | Build | Mill |
| 8:20 | Create | Villager (Male) |
| 8:41 | Create | Villager (Male) |
| 9:25 | Research | Feudal Age |
| 9:28 | Build | House |
| 9:33 | Build | House |
| 10:36 | Build | Dock |
| 10:43 | Age | Feudal Age |
| 10:48 | Create | Villager (Male) |
| 11:09 | Build | Lumber Camp |
| 11:16 | Create | Villager (Male) |
| 11:33 | Create | Villager (Male) |
| 11:46 | Create | Fishing Ship |
| 11:57 | Create | Villager (Male) |
| 12:11 | Research | Tech 906 |
| 12:17 | Research | Tech 906 |
| 12:19 | Create | Villager (Male) |
| 12:26 | Create | Fishing Ship |
| 12:31 | Build | House |
| 12:51 | Research | Double-Bit Axe |
| 12:53 | Create | Villager (Male) |
| 12:58 | Build | House |
| 13:20 | Create | Villager (Male) |
| 13:29 | Build | Barracks |
| 13:37 | Create | Villager (Male) |
| 14:04 | Create | Villager (Male) |
| 14:08 | Build | Market |
| 14:18 | Build | Mining Camp |
| 14:23 | Create | Spearman |
| 14:28 | Create | Villager (Male) |
| 14:46 | Create | Villager (Male) |
| 14:50 | Create | Fishing Ship |
| 15:00 | Build | Blacksmith |
| 15:07 | Create | Villager (Male) |
| 15:23 | Create | Villager (Male) |
| 16:13 | Research | Castle Age |
| 16:26 | Build | Stable |
| 16:39 | Build | Stable |
| 17:23 | Build | Lumber Camp |
| 17:40 | Build | Watch Tower |
| 17:49 | Age | Castle Age |
| 17:55 | Research | Scale Barding Armor |
| 18:04 | Create | Battle Elephant |
| 18:14 | Create | Fishing Ship |
| 18:16 | Create | Villager (Male) |
| 18:35 | Create | Villager (Male) |
| 18:53 | Create | Battle Elephant |
| 19:00 | Build | House |
| 19:02 | Build | House |
| 19:17 | Create | Villager (Male) |
| 19:30 | Create | Villager (Male) |
| 19:41 | Create | Battle Elephant |
| 19:43 | Create | Villager (Male) |
| 19:51 | Build | Farm |
| 19:52 | Build | Farm |
| 19:52 | Build | Farm |
| 20:15 | Build | Farm |
| 20:17 | Build | Farm |
| 20:21 | Create | Battle Elephant |
| 20:38 | Create | Battle Elephant |
| 20:42 | Build | Farm |
| 20:46 | Create | Villager (Male) |
| 21:23 | Create | Villager (Male) |
| 21:27 | Build | Monastery |
| 21:38 | Research | Bow Saw |
| 21:39 | Create | Villager (Male) |
| 21:58 | Create | Monk |
| 22:00 | Create | Villager (Male) |
| 22:14 | Create | Villager (Male) |
| 22:45 | Create | Villager (Male) |
| 23:12 | Create | Villager (Male) |
| 23:24 | Create | Battle Elephant |
| 23:25 | Create | Battle Elephant |
| 23:25 | Create | Battle Elephant |
| 23:29 | Create | Villager (Male) |
| 23:39 | Create | Villager (Male) |
| 23:52 | Create | Monk |
| 24:02 | Create | Villager (Male) |
| 24:04 | Build | House |
| 24:06 | Build | House |
| 24:14 | Create | Villager (Male) |
| 24:38 | Create | Villager (Male) |
| 25:03 | Build | Farm |
| 25:03 | Build | Farm |
| 25:03 | Build | Farm |
| 25:04 | Build | Farm |
| 25:04 | Build | Farm |
| 25:04 | Build | Farm |
| 25:05 | Build | Farm |
| 25:05 | Build | Farm |
| 25:06 | Create | Villager (Male) |
| 25:12 | Create | Battle Elephant |
| 25:12 | Create | Battle Elephant |
| 25:25 | Research | Devotion |
| 25:46 | Create | Villager (Male) |
| 25:52 | Create | Battle Elephant |
| 25:52 | Create | Battle Elephant |
| 25:59 | Build | Lumber Camp |
| 26:02 | Create | Villager (Male) |
| 26:10 | Create | Villager (Male) |
| 26:20 | Create | Villager (Male) |
| 26:30 | Create | Battle Elephant |
| 26:35 | Create | Villager (Male) |
| 27:01 | Create | Villager (Male) |
| 27:19 | Create | Villager (Male) |
| 27:22 | Create | Monk |
| 27:25 | Create | Villager (Male) |
| 27:37 | Create | Battle Elephant ×3 |
| 27:44 | Create | Villager (Male) |
| 28:13 | Build | Town Center |
| 28:45 | Create | Villager (Male) |
| 29:03 | Build | House |
| 29:04 | Build | House |
| 29:04 | Build | House |
| 29:08 | Create | Villager (Male) |
| 29:12 | Create | Villager (Male) |
| 29:19 | Create | Villager (Male) |
| 29:27 | Create | Villager (Male) |
| 29:32 | Research | Sanctity |
| 29:34 | Create | Villager (Male) |
| 29:47 | Create | Villager (Male) |
| 29:56 | Create | Villager (Male) |
Build order — jeromeW
First 150 of 683 actions detected
| 0:22 | Build | Town Center |
| 2:31 | Create | Villager (Male) |
| 2:31 | Create | Villager (Male) |
| 2:32 | Create | Villager (Male) |
| 2:32 | Create | Villager (Male) |
| 2:32 | Create | Villager (Male) |
| 3:33 | Create | Villager (Male) |
| 4:38 | Create | Villager (Male) |
| 4:38 | Create | Villager (Male) |
| 4:46 | Create | Villager (Male) |
| 4:46 | Create | Villager (Male) |
| 5:05 | Build | Mill |
| 5:21 | Research | Loom |
| 6:00 | Create | Villager (Male) |
| 6:35 | Create | Villager (Male) |
| 6:35 | Create | Villager (Male) |
| 6:35 | Create | Villager (Male) |
| 7:14 | Create | Villager (Male) |
| 7:45 | Create | Villager (Male) |
| 7:57 | Create | Villager (Male) |
| 7:59 | Create | Villager (Male) |
| 8:25 | Create | Villager (Male) |
| 8:25 | Create | Villager (Male) |
| 8:26 | Create | Villager (Male) |
| 8:31 | Build | Dock |
| 8:36 | Create | Villager (Male) |
| 8:41 | Build | Lumber Camp |
| 8:45 | Create | Villager (Male) |
| 8:45 | Create | Villager (Male) |
| 9:24 | Create | Villager (Male) |
| 9:25 | Create | Villager (Male) |
| 9:34 | Create | Fishing Ship |
| 9:34 | Create | Fishing Ship |
| 9:55 | Create | Villager (Male) |
| 10:03 | Create | Fishing Ship |
| 10:43 | Create | Fishing Ship |
| 11:17 | Build | Mill |
| 11:23 | Create | Villager (Male) |
| 11:24 | Create | Villager (Male) |
| 11:29 | Create | Fishing Ship |
| 12:19 | Research | Feudal Age |
| 12:51 | Create | Villager (Male) |
| 12:51 | Create | Villager (Male) |
| 12:55 | Create | Fishing Ship |
| 13:51 | Create | Villager (Male) |
| 14:35 | Age | Feudal Age |
| 14:37 | Build | Market |
| 14:40 | Build | Blacksmith |
| 15:15 | Build | Mining Camp |
| 15:25 | Research | Castle Age |
| 16:04 | Build | Mill |
| 16:11 | Research | Stone Mining |
| 16:40 | Build | Mining Camp |
| 16:48 | Create | Villager (Male) |
| 16:48 | Create | Villager (Male) |
| 17:47 | Build | Outpost |
| 17:59 | Research | Horse Collar |
| 18:06 | Age | Castle Age |
| 18:11 | Build | Castle |
| 18:19 | Build | Palisade Wall |
| 18:31 | Build | Palisade Gate |
| 18:41 | Create | Villager (Male) |
| 18:41 | Create | Villager (Male) |
| 18:43 | Research | Fletching |
| 18:54 | Create | Villager (Male) |
| 19:05 | Build | Farm |
| 19:06 | Build | Farm |
| 19:07 | Build | Farm |
| 19:08 | Build | Farm |
| 19:24 | Create | Villager (Male) |
| 19:29 | Build | Farm |
| 19:31 | Build | Farm |
| 19:34 | Build | Farm |
| 19:47 | Build | Farm |
| 19:52 | Create | Villager (Male) |
| 20:10 | Create | Villager (Male) |
| 20:25 | Build | Monastery |
| 20:35 | Create | Tarkan |
| 20:43 | Research | Gold Mining |
| 20:53 | Create | Monk |
| 21:25 | Create | Villager (Male) |
| 21:26 | Create | Villager (Male) |
| 21:26 | Create | Villager (Male) |
| 21:34 | Create | Villager (Male) |
| 21:48 | Build | Town Center |
| 22:04 | Create | Monk |
| 22:06 | Create | Villager (Male) |
| 22:46 | Create | Villager (Male) |
| 22:46 | Create | Villager (Male) |
| 23:03 | Create | Monk |
| 23:06 | Create | Villager (Male) |
| 23:13 | Create | Villager (Male) |
| 23:13 | Create | Villager (Male) |
| 23:13 | Create | Villager (Male) |
| 23:35 | Create | Villager (Male) |
| 23:40 | Build | Mining Camp |
| 23:47 | Create | Villager (Male) |
| 23:55 | Research | Fervor |
| 24:07 | Create | Villager (Male) |
| 24:28 | Create | Villager (Male) |
| 24:29 | Create | Villager (Male) |
| 24:29 | Create | Villager (Male) |
| 24:33 | Research | Wheelbarrow |
| 24:34 | Research | Double-Bit Axe |
| 24:36 | Research | Heavy Plow |
| 25:13 | Create | Villager (Male) |
| 25:13 | Create | Villager (Male) |
| 25:15 | Research | Sanctity |
| 25:41 | Create | Villager (Male) |
| 25:41 | Create | Villager (Male) |
| 25:43 | Create | Villager (Male) |
| 25:43 | Create | Villager (Male) |
| 25:44 | Create | Villager (Male) |
| 25:52 | Build | Mill |
| 25:53 | Build | Farm |
| 25:54 | Build | Farm |
| 25:55 | Build | Farm |
| 25:56 | Build | Farm |
| 26:05 | Create | Monk |
| 26:05 | Create | Monk |
| 26:57 | Build | Castle |
| 27:20 | Create | Tarkan |
| 27:20 | Create | Tarkan |
| 27:36 | Research | Forging |
| 28:10 | Create | Monk |
| 28:20 | Create | Monk |
| 28:32 | Create | Villager (Male) |
| 28:33 | Create | Villager (Male) |
| 28:33 | Create | Villager (Male) |
| 28:33 | Create | Villager (Male) |
| 28:34 | Create | Villager (Male) |
| 28:36 | Create | Villager (Male) |
| 28:36 | Create | Villager (Male) |
| 28:36 | Create | Villager (Male) |
| 28:37 | Create | Villager (Male) |
| 28:37 | Create | Villager (Male) |
| 29:06 | Build | Farm |
| 29:08 | Create | Villager (Male) |
| 29:08 | Create | Villager (Male) |
| 30:19 | Build | Castle |
| 31:04 | Research | Imperial Age |
| 31:13 | Build | Farm |
| 31:16 | Build | Farm |
| 31:16 | Build | Farm |
| 31:38 | Build | Lumber Camp |
| 31:42 | Create | Villager (Male) |
| 31:43 | Create | Villager (Male) |
| 31:57 | Build | Mining Camp |
| 32:15 | Build | Monastery |
| 32:28 | Create | Villager (Male) |
Build order — martinslebo
First 150 of 590 actions detected
| 0:13 | Build | Dock |
| 0:57 | Build | Town Center |
| 2:12 | Build | House |
| 2:49 | Create | Villager (Male) |
| 2:49 | Create | Villager (Male) |
| 2:50 | Create | Villager (Male) |
| 3:03 | Create | Villager (Male) |
| 3:13 | Create | Villager (Male) |
| 3:56 | Create | Villager (Male) |
| 4:26 | Build | House |
| 4:58 | Create | Villager (Male) |
| 5:11 | Create | Fishing Ship |
| 5:47 | Research | Loom |
| 6:07 | Create | Villager (Male) |
| 6:12 | Create | Fishing Ship |
| 6:16 | Build | House |
| 6:54 | Create | Villager (Male) |
| 6:54 | Create | Villager (Male) |
| 6:55 | Create | Fishing Ship |
| 7:20 | Create | Villager (Male) |
| 7:22 | Create | Fishing Ship |
| 7:55 | Build | House |
| 8:05 | Create | Villager (Male) |
| 8:05 | Create | Villager (Male) |
| 8:12 | Create | Villager (Male) |
| 8:24 | Create | Fishing Ship |
| 8:41 | Create | Villager (Male) |
| 9:02 | Create | Villager (Male) |
| 9:11 | Create | Villager (Male) |
| 9:27 | Build | House |
| 9:34 | Create | Fishing Ship |
| 9:56 | Create | Villager (Male) |
| 10:37 | Create | Villager (Male) |
| 10:46 | Build | Mining Camp |
| 11:15 | Create | Villager (Male) |
| 11:42 | Research | Feudal Age |
| 11:50 | Build | Mill |
| 12:23 | Build | House |
| 13:03 | Build | Barracks |
| 13:42 | Create | Villager (Male) |
| 13:43 | Create | Villager (Male) |
| 13:52 | Age | Feudal Age |
| 14:07 | Build | Archery Range |
| 14:31 | Create | Villager (Male) |
| 14:37 | Build | House |
| 14:42 | Create | Spearman |
| 15:08 | Build | Palisade Wall |
| 15:20 | Create | Villager (Male) |
| 15:24 | Build | Blacksmith |
| 15:30 | Create | Archer |
| 15:31 | Create | Archer |
| 15:47 | Create | Villager (Male) |
| 16:22 | Research | Castle Age |
| 16:34 | Build | Lumber Camp |
| 17:04 | Create | Archer |
| 17:08 | Research | Scale Mail Armor |
| 17:14 | Create | Spearman |
| 17:15 | Create | Spearman |
| 17:54 | Build | House |
| 17:57 | Build | House |
| 18:13 | Create | Spearman |
| 18:14 | Create | Spearman |
| 18:16 | Research | Forging |
| 18:43 | Build | Palisade Wall |
| 19:02 | Age | Castle Age |
| 19:11 | Build | Monastery |
| 19:19 | Build | Town Center |
| 19:20 | Create | Villager (Male) |
| 19:22 | Create | Villager (Male) |
| 19:35 | Create | Unit 1974 |
| 19:35 | Create | Unit 1974 |
| 19:43 | Create | Villager (Male) |
| 19:44 | Create | Monk |
| 19:46 | Create | Monk |
| 19:48 | Create | Villager (Male) |
| 20:04 | Build | Farm |
| 20:04 | Build | Farm |
| 20:04 | Build | Farm |
| 20:04 | Build | Farm |
| 20:25 | Create | Unit 1974 |
| 20:54 | Build | Farm |
| 20:54 | Build | Farm |
| 20:54 | Build | Farm |
| 20:54 | Build | Farm |
| 20:54 | Build | Farm |
| 20:55 | Build | Farm |
| 21:10 | Research | Squires |
| 21:14 | Create | Villager (Male) |
| 21:15 | Build | Farm |
| 21:16 | Build | Farm |
| 21:16 | Build | Farm |
| 21:49 | Create | Villager (Male) |
| 21:58 | Create | Unit 1974 |
| 21:59 | Create | Unit 1974 |
| 22:31 | Create | Villager (Male) |
| 22:36 | Build | Farm |
| 22:36 | Build | Farm |
| 22:36 | Build | Farm |
| 22:36 | Build | Farm |
| 22:37 | Build | Farm |
| 22:59 | Create | Villager (Male) |
| 23:10 | Create | Unit 1974 |
| 23:10 | Create | Unit 1974 |
| 23:31 | Create | Spearman |
| 23:31 | Create | Spearman |
| 23:49 | Create | Villager (Male) |
| 23:54 | Build | Farm |
| 23:55 | Build | Farm |
| 23:59 | Create | Villager (Male) |
| 24:12 | Create | Villager (Male) |
| 24:13 | Create | Villager (Male) |
| 24:26 | Research | Pikeman (upgrade) |
| 24:34 | Build | Barracks |
| 24:34 | Build | Barracks |
| 24:51 | Create | Villager (Male) |
| 25:00 | Build | House |
| 25:04 | Create | Villager (Male) |
| 25:04 | Create | Villager (Male) |
| 25:09 | Create | Monk |
| 25:09 | Create | Monk |
| 25:16 | Create | Villager (Male) |
| 25:25 | Research | Double-Bit Axe |
| 25:26 | Create | Villager (Male) |
| 25:27 | Create | Villager (Male) |
| 25:37 | Build | House |
| 25:40 | Create | Villager (Male) |
| 25:41 | Create | Villager (Male) |
| 25:51 | Create | Villager (Male) |
| 25:51 | Create | Villager (Male) |
| 26:09 | Build | Castle |
| 26:14 | Create | Spearman |
| 26:14 | Create | Spearman |
| 26:16 | Create | Spearman |
| 26:16 | Create | Spearman |
| 26:16 | Create | Spearman |
| 26:34 | Create | Villager (Male) |
| 26:56 | Create | Villager (Male) |
| 26:56 | Create | Villager (Male) |
| 27:08 | Build | Siege Workshop |
| 27:11 | Create | Villager (Male) |
| 27:12 | Create | Villager (Male) |
| 27:20 | Build | House |
| 27:22 | Create | Villager (Male) |
| 27:23 | Create | Villager (Male) |
| 27:28 | Build | Mining Camp |
| 27:37 | Create | Villager (Male) |
| 27:37 | Create | Villager (Male) |
| 27:45 | Create | Mangonel |
| 28:00 | Research | Wheelbarrow |
| 28:07 | Build | House |
Match timeline
| 0:13 | martinslebo · first_building Dock |
| 0:30 | dorshiffe10 · first_building Dock |
| 0:46 | dorshiffe10 · wall_segment Palisade Wall x1 |
| 2:20 | Alfred the Great · first_building Dock |
| 8:31 | jeromeW · first_building Dock |
| 10:43 | dorshiffe10 · age_up feudal |
| 13:03 | martinslebo · first_building Barracks |
| 13:29 | dorshiffe10 · first_building Barracks |
| 13:52 | martinslebo · age_up feudal |
| 14:07 | martinslebo · first_building Archery Range |
| 14:10 | Alfred the Great · first_building Barracks |
| 14:35 | jeromeW · age_up feudal |
| 15:08 | martinslebo · wall_segment Palisade Wall x2 |
| 15:20 | jeromeW · first_market_sell 100 stone |
| 15:34 | Alfred the Great · age_up feudal |
| 15:40 | dorshiffe10 · first_market_sell 100 stone |
| 15:46 | dorshiffe10 · first_market_buy 100 food |
| 16:26 | dorshiffe10 · first_building Stable |
| 17:42 | Alfred the Great · first_building Archery Range |
| 17:49 | dorshiffe10 · age_up castle |
| 18:06 | jeromeW · age_up castle |
| 18:11 | jeromeW · first_building Castle |
| 18:19 | jeromeW · wall_segment Palisade Wall x1 |
| 18:43 | martinslebo · wall_segment Palisade Wall x6 |
| 19:02 | martinslebo · age_up castle |
| 19:11 | martinslebo · first_building Monastery |
| 19:31 | Alfred the Great · age_up castle |
| 20:25 | jeromeW · first_building Monastery |
| 21:07 | Alfred the Great · first_building Monastery |
| 21:27 | dorshiffe10 · first_building Monastery |
| 26:09 | martinslebo · first_building Castle |
| 27:08 | martinslebo · first_building Siege Workshop |
| 27:15 | Alfred the Great · first_building Siege Workshop |
| 30:28 | jeromeW · first_market_buy 100 food |
| 30:51 | Alfred the Great · first_building Castle |
| 34:12 | jeromeW · first_building Barracks |
| 34:14 | jeromeW · age_up imperial |
| 37:33 | dorshiffe10 · first_building Archery Range |
| 39:37 | jeromeW · first_building Stable |
| 40:14 | martinslebo · first_market_sell 100 food |
| 43:35 | martinslebo · age_up imperial |
| 45:43 | Alfred the Great · age_up imperial |
| 47:58 | dorshiffe10 · first_building Castle |
| 49:48 | jeromeW · first_building Archery Range |
| 51:10 | jeromeW · first_building Siege Workshop |
| 60:19 | dorshiffe10 · first_building Siege Workshop |
| 63:36 | dorshiffe10 · age_up imperial |
| 63:50 | jeromeW · resign |
[ AI ANALYSIS · 1 CREDIT ]
What really happened in this match?
Wolo.gg analyzes every decision: build order, eco, micro, common mistakes by bracket. Personalized analysis on WhatsApp or Discord in 30 seconds.
Civ guide
Italians
Perfil
Jugador #24948175